 Dungeon Crawl Stone Soup version 0.31-a0-675-g238779eb0a (webtiles) character file.

Game seed: 17331832135945020925

56 CarvArkoylaein the Trooper (level 3, -2/36 HPs)
             Began as a Draconian Wanderer on Sept 5, 2023.
             Killed from afar by Natasha (6 damage)
             ... with a magic dart
             ... on level 2 of the Dungeon.
             The game lasted 00:05:46 (1115 turns).

CarvArkoylaein the Trooper (Draconian Wanderer)     Turns: 1115, Time: 00:05:46

Health: -2/36      AC:  5    Str: 13    XL:     3   Next: 69%
Magic:  4/4        EV: 11    Int: 10    God:
Gold:   124        SH:  0    Dex: 15    Spells: 4/4 levels left

rFire   . . .        a - +3 spear
rCold   . . .        (no shield)
rNeg    . . .        (body armour unavailable)
rPois   +            (helmet restricted)
rElec   .            (no cloak)
rCorr   .            (no gloves)
SInv    .            (no boots)
Will    .....        (no amulet)
Stlth   ++           e - ring of poison resistance
HPRegen 0.26/turn    (no ring)
MPRegen 0.09/turn

%: no passive effects
@: no status effects
A: AC +5, unfitting armour, cold-blooded
a: no special abilities


You were on level 2 of the Dungeon.
You visited 1 branch of the dungeon, and saw 2 of its levels.

You collected 124 gold pieces.

Inventory:

Hand Weapons
 a - a +3 spear (weapon)
 b - a +0 short sword
 g - a +6 club
 i - a +2 dagger of pain
Jewellery
 e - a ring of poison resistance (left hand)
Scrolls
 c - a scroll of fog {unknown}
 f - a scroll of revelation {unknown}
 h - a scroll of butterflies {unknown}
Potions
 d - a potion of curing {unknown}
 j - a potion of haste {unknown}


   Skills:
 + Level 5.3 Fighting
 + Level 1.0 Short Blades
 + Level 3.5 Polearms
 + Level 1.0 Dodging
 + Level 1.0 Stealth
 + Level 1.0 Spellcasting


You had 4 spell levels left.
You didn't know any spells.
Your spell library was empty.

Dungeon Overview and Level Annotations

Branches:
Dungeon (2/15)

Altars:

Annotations:
D:2 Natasha


Innate Abilities, Weirdness & Mutations

Your plain brown scales are hard. (AC +5)
You cannot fit into any form of body armour.
You are cold-blooded and may be slowed by cold attacks.


Message History

Things that are here:
a +0 whip; a +0 club; a goblin corpse You now have 103 gold pieces (gained 10).
You see here a +0 ring mail.
You see here a +0 cloak.
Found a sling.
You see here a +0 sling.
You now have 116 gold pieces (gained 13).
Found a dagger.
Found 4 stones.
You see here 4 stones.
Found a stone staircase leading down.
You see here a staff of conjuration.
j - a fuming puce potion You now have 124 gold pieces (gained 8).
There is a stone staircase leading down here.
Found a stone staircase leading up.
There is a stone staircase leading up here.
You see here a +0 quarterstaff.
You see here a +0 short sword.
Natasha, Servant of Life and Death comes into view.
Natasha hisses angrily.
Natasha stares at you and mumbles some strange words.
The magic dart hits you. Natasha closely misses you.
You hit Natasha but do no damage. Natasha claws you!
You closely miss Natasha.
You tail-slap Natasha, but do no damage.
Natasha claws you!
You barely miss Natasha. Natasha claws you! Natasha attacks as she pursues you!
Natasha claws you!
* * * LOW HITPOINT WARNING * * *
Natasha misses you. Natasha attacks as she pursues you! Natasha claws you.
* * * LOW HITPOINT WARNING * * *
You hit Natasha but do no damage.
Natasha stares at you and mumbles some strange words.
The magic dart hits you.
You die...
Natasha begins licking her fur clean.

#.##..###########
##.##............#
...##.##########.#
#####.# #.# #.#
#.# #.# #.#
#####.# #.#
......# #.#
####### #@# #h#
###.# #...# #.###
#. #. #. ..


You could see Natasha.

Vanquished Creatures
  Jessica (D:2)
  An adder (D:2)
  3 orcs (D:2)
  3 endoplasms
  3 goblins (D:2)
  3 hobgoblins (D:2)
  A ball python (D:1)
  2 rats (D:1)
17 creatures vanquished.

Notes
Turn   | Place    | Note
-------+----------+-------------------------------------------
     0 | D:1      | CarvArkoylaein the Draconian Wanderer began the quest for
                  | the Orb.
     0 | D:1      | CarvArkoylaein set off with the following items: a +3
                  | spear, a +0 short sword, a scroll of teleportation.
     0 | D:1      | Reached XP level 1. HP: 22/22 MP: 2/2
   387 | D:1      | You fall into a shaft and drop 1 floor!
   408 | D:2      | Reached XP level 2. HP: 23/28 MP: 3/3
   572 | D:2      | Noticed Jessica
   578 | D:2      | Reached skill level 5 in Fighting
   582 | D:2      | Killed Jessica
   583 | D:2      | Reached skill level 1 in Stealth
   583 | D:2      | Reached XP level 3. HP: 23/36 MP: 4/4
  1107 | D:2      | Noticed Natasha
  1115 | D:2      | Killed from afar by Natasha

Illustrated notes

Levels and vault maps discovered:
D:1:      nicolae_arrival_washed_ashore, layout_basic,
          minmay_misc_feat_four_crosses, minmay_strange_pillars,
          chequers_serial_rivers_small_b, minmay_misc_feat_roman
D:2:      layout_loops_ring, eino_tiny_chamber, guppyfry_early_orc_mine,
          uniq_jessica, uniq_natasha

Skill      XL: |  1  2 |
---------------+-------+-----
Fighting       | 5 |  5.3
Stealth        | 1 |  1.0
Short Blades   | |  1.0
Polearms       | |  3.5
Dodging        | |  1.0
Spellcasting   | |  1.0

Action                     || total
---------------------------++-------
  Melee: Spear             ||    50
         Tailslap          ||     6
    Use: Scroll            ||     2
   Stab: Sleeping          ||     1
 Armour: Skin              ||    26
  Dodge: Dodged            ||    23

Table legend: (Time is in decaauts)
 A = Elapsed time spent in this place.
 B = Non-inter-level travel time spent in this place.
 C = Inter-level travel time spent in this place.
 D = Time resting spent in this place.
 E = Time spent auto-exploring this place.
 F = Levels seen in this place.
 G = Mean time per level.
                   A        B        C        D        E       F      G
               +--------+--------+--------+--------+--------+-----+--------+
         Total |   1113 |    874 |    239 |    121 |    630 |   2 |  556.5 |
       Dungeon |   1113 |    874 |    239 |    121 |    630 |   2 |  556.5 |
               +--------+--------+--------+--------+--------+-----+--------+

Top non-repeatable levels by time:
     D:2: 726 daAuts
     D:1: 386 daAuts
